3L
NEW AMSTERDAM DUTCHMEN @ BUCKHEAD BOWTIES
05/07/2027
 
TOP OF THE 1ST
New Amsterdam Dutchmen batting - Pitching for Buckhead Bowties : RHP Germán Rodríguez
Pitching: RHP Germán Rodríguez
Batting: RHB Enrique Morales 0-0: Swinging Strike
0-1: Ball
1-1: Fly out, F8 (Flyball, 78D)
Batting: RHB Menno van de Vlugt 0-0: Called Strike
0-1: Foul Ball, location: 2F
0-2: Foul Ball, location: 2F
0-2: Strikes out swinging
Batting: LHB Félix López 0-0: Ball
1-0: Called Strike
1-1: Ball
2-1: Called Strike
2-2: Ball
3-2: Strikes out swinging
Top of the 1st over - 0 run(s), 0 hit(s), 0 error(s), 0 left on base; New Amsterdam 0 - Buckhead 0
BOTTOM OF THE 1ST
Buckhead Bowties batting - Pitching for New Amsterdam Dutchmen : LHP Walt Coffman
Pitching: LHP Walt Coffman
Batting: RHB Mike Burns 0-0: SINGLE (Groundball, 56D)
Batting: LHB Manuel Carmona 0-0: Ball
1-0: Ball
2-0: Fly out, F8 (Line Drive, 8LM)
Batting: LHB Gregg Young 0-0: Called Strike
0-1: Ball
1-1: Called Strike
1-2: Strikes out swinging
Batting: LHB Armando Esparza 0-0: Foul Ball, location: 2F
0-1: Called Strike
0-2: Ball
1-2: Ball
2-2: Ball
3-2: Strikes out looking
Bottom of the 1st over - 0 run(s), 1 hit(s), 0 error(s), 1 left on base; New Amsterdam 0 - Buckhead 0
TOP OF THE 2ND
New Amsterdam Dutchmen batting - Pitching for Buckhead Bowties : RHP Germán Rodríguez
Batting: RHB Hank Wilder 0-0: Called Strike
0-1: Foul Ball, location: 2F
0-2: Strikes out swinging
Batting: LHB Eric Ward 0-0: Ball
1-0: Swinging Strike
1-1: Fly out, F8 (Flyball, 8RS)
Batting: RHB Alfredo Suárez 0-0: Fly out, F5 (Popup, 5L)
Top of the 2nd over - 0 run(s), 0 hit(s), 0 error(s), 0 left on base; New Amsterdam 0 - Buckhead 0
BOTTOM OF THE 2ND
Buckhead Bowties batting - Pitching for New Amsterdam Dutchmen : LHP Walt Coffman
Batting: LHB Mysterious Walker 0-0: Ball
1-0: Called Strike
1-1: Ball
2-1: Ball
3-1: Foul Ball, location: 2F
3-2: Foul Ball, location: 2F
3-2: Ground out 4-3 (Groundball, 4)
Batting: RHB Ricardo Cardenas 0-0: Foul Ball, location: 2F
0-1: Foul Ball, location: 2F
0-2: SINGLE (Groundball, 56D)
Batting: RHB Albert Morales 0-0: Ball
1-0: Ball
2-0: Grounds into double play, 1-6-3 (Groundball, 13S)
Bottom of the 2nd over - 0 run(s), 1 hit(s), 0 error(s), 0 left on base; New Amsterdam 0 - Buckhead 0
TOP OF THE 3RD
New Amsterdam Dutchmen batting - Pitching for Buckhead Bowties : RHP Germán Rodríguez
Batting: RHB Arturo Morales 0-0: Ball
1-0: Swinging Strike
1-1: Ball
2-1: Ball
3-1: Ground out 6-3 (Groundball, 6)
Batting: LHB Cornelius Taitt 0-0: Ball
1-0: Foul Ball, location: 2F
1-1: Ball
2-1: Ball
3-1: Called Strike
3-2: Strikes out looking
Batting: RHB Mario Rivera 0-0: Called Strike
0-1: Swinging Strike
0-2: Strikes out swinging
Top of the 3rd over - 0 run(s), 0 hit(s), 0 error(s), 0 left on base; New Amsterdam 0 - Buckhead 0
BOTTOM OF THE 3RD
Buckhead Bowties batting - Pitching for New Amsterdam Dutchmen : LHP Walt Coffman
Batting: RHB Raúl Ruíz 0-0: Fly out, F7 (Flyball, 78D)
Batting: RHB Won-min Yi 0-0: Called Strike
0-1: Swinging Strike
0-2: Ball
1-2: Strikes out looking
Batting: RHB Mike Burns 0-0: Reached on error, E5 (Groundball, 56)
Batting: LHB Manuel Carmona 0-0: Ball
1-0: Called Strike
1-1: Called Strike
1-2: Ball
2-2: Ball
3-2: Foul Ball, location: 2F
3-2: Ground out 6-3 (Groundball, 6M)
Bottom of the 3rd over - 0 run(s), 0 hit(s), 1 error(s), 1 left on base; New Amsterdam 0 - Buckhead 0
TOP OF THE 4TH
New Amsterdam Dutchmen batting - Pitching for Buckhead Bowties : RHP Germán Rodríguez
Batting: RHB Enrique Morales 0-0: Ball
1-0: Foul Ball, location: 2F
1-1: Ball
2-1: Ball
3-1: Fly out, F6 (Popup, 6D)
Batting: RHB Menno van de Vlugt 0-0: Called Strike
0-1: Ground out 1-3 (Groundball, P)
Batting: LHB Félix López 0-0: Ball
1-0: Called Strike
1-1: Called Strike
1-2: Ball
2-2: Fly out, F9 (Flyball, 89S)
Top of the 4th over - 0 run(s), 0 hit(s), 0 error(s), 0 left on base; New Amsterdam 0 - Buckhead 0
BOTTOM OF THE 4TH
Buckhead Bowties batting - Pitching for New Amsterdam Dutchmen : LHP Walt Coffman
Batting: LHB Gregg Young 0-0: Called Strike
0-1: Fly out, F7 (Flyball, 7LMF)
Batting: LHB Armando Esparza 0-0: Ball
1-0: Ball
2-0: Ball
3-0: Base on Balls
Batting: LHB Mysterious Walker 0-0: Ball
1-0: Swinging Strike
1-1: Ball
2-1: Foul Ball, location: 2F
2-2: Foul Ball, location: 2F
2-2: Foul Ball, location: 2F
2-2: Fly out, F7 (Flyball, 7LS)
Batting: RHB Ricardo Cardenas 0-0: Swinging Strike
0-1: Ball
1-1: SINGLE (Groundball, 6S) (infield hit)
Armando Esparza to second
Batting: RHB Albert Morales 0-0: Ball
1-0: Foul Ball, location: 2F
1-1: Swinging Strike
1-2: Foul Ball, location: 2F
1-2: SINGLE (Flyball, 7LS)
Armando Esparza to third
Ricardo Cardenas to second
Runner from 3rd tries for Home, SAFE, no throw
Batting: RHB Raúl Ruíz 0-0: Fly out, F7 (Flyball, 7LMF)
Bottom of the 4th over - 1 run(s), 2 hit(s), 0 error(s), 2 left on base; New Amsterdam 0 - Buckhead 1
TOP OF THE 5TH
New Amsterdam Dutchmen batting - Pitching for Buckhead Bowties : RHP Germán Rodríguez
Batting: RHB Hank Wilder 0-0: Called Strike
0-1: Foul Ball, location: 2F
0-2: Ball
1-2: Strikes out swinging
Batting: LHB Eric Ward 0-0: Called Strike
0-1: Swinging Strike
0-2: Strikes out swinging
Batting: RHB Alfredo Suárez 0-0: Ground out 5-3 (Groundball, 56)
Top of the 5th over - 0 run(s), 0 hit(s), 0 error(s), 0 left on base; New Amsterdam 0 - Buckhead 1
BOTTOM OF THE 5TH
Buckhead Bowties batting - Pitching for New Amsterdam Dutchmen : LHP Walt Coffman
Batting: RHB Won-min Yi 0-0: Called Strike
0-1: Swinging Strike
0-2: Ball
1-2: Ball
2-2: Ball
3-2: Foul Ball, location: 2F
3-2: Strikes out swinging
Batting: RHB Mike Burns 0-0: Ball
1-0: Called Strike
1-1: Ground out 6-3 (Groundball, 6)
Batting: LHB Manuel Carmona 0-0: Ball
1-0: SINGLE (Line Drive, 56D)
Batting: LHB Gregg Young 0-0: Ball
1-0: Ball
2-0: Ball
3-0: Ground out 4-3 (Groundball, 34)
Bottom of the 5th over - 0 run(s), 1 hit(s), 0 error(s), 1 left on base; New Amsterdam 0 - Buckhead 1
TOP OF THE 6TH
New Amsterdam Dutchmen batting - Pitching for Buckhead Bowties : RHP Germán Rodríguez
Batting: RHB Arturo Morales 0-0: DOUBLE (Flyball, 78D)
Batting: LHB Cornelius Taitt 0-0: Foul Ball, location: 2F
0-1: Ball
1-1: Ball
2-1: Ball
3-1: Base on Balls
Batting: RHB Mario Rivera 0-0: Sac Bunt - play at first, batter OUT! 1-4
Arturo Morales to third
Cornelius Taitt to second
Batting: RHB Enrique Morales 0-0: Called Strike
0-1: Ground out 6-3 (Groundball, 56)
Batting: RHB Menno van de Vlugt 0-0: Ball
1-0: Swinging Strike
1-1: Called Strike
1-2: Foul Ball, location: 2F
1-2: Ground out 6-3 (Groundball, 6)
Top of the 6th over - 0 run(s), 1 hit(s), 0 error(s), 2 left on base; New Amsterdam 0 - Buckhead 1
BOTTOM OF THE 6TH
Buckhead Bowties batting - Pitching for New Amsterdam Dutchmen : LHP Walt Coffman
Batting: LHB Armando Esparza 0-0: Ball
1-0: Ball
2-0: Foul Ball, location: 2F
2-1: Swinging Strike
2-2: Foul Ball, location: 2F
2-2: Foul Ball, location: 2F
2-2: Ball
3-2: SOLO HOME RUN (Flyball, 9D), Distance : 375 ft
Batting: LHB Mysterious Walker 0-0: Called Strike
0-1: Foul Ball, location: 2F
0-2: Ball
1-2: Ball
2-2: Strikes out swinging, 2-3 out at first.
Batting: RHB Ricardo Cardenas 0-0: Ball
1-0: Ball
2-0: Ball
3-0: Called Strike
3-1: Base on Balls
Batting: RHB Albert Morales 0-0: Ball
1-0: Ball
2-0: Ball
3-0: Called Strike
3-1: Base on Balls
Ricardo Cardenas to second
Batting: RHB Raúl Ruíz 0-0: Ball
1-0: Called Strike
1-1: Foul Ball, location: 2F
1-2: Ball
2-2: Fly out, F7 (Flyball, 7LS)
Batting: RHB Won-min Yi 0-0: SINGLE (Line Drive, 6MD)
Ricardo Cardenas to third
Albert Morales to second
Runner from 3rd tries for Home, SAFE, no throw
Batting: RHB Mike Burns 0-0: Called Strike
0-1: Ball
1-1: Swinging Strike
1-2: Strikes out swinging
Bottom of the 6th over - 2 run(s), 2 hit(s), 0 error(s), 2 left on base; New Amsterdam 0 - Buckhead 3
TOP OF THE 7TH
New Amsterdam Dutchmen batting - Pitching for Buckhead Bowties : RHP Germán Rodríguez
Batting: LHB Félix López 0-0: Ground out 4-3 (Groundball, 34)
Batting: RHB Hank Wilder 0-0: Called Strike
0-1: Foul Ball, location: 2F
0-2: Strikes out looking
Batting: LHB Eric Ward 0-0: Called Strike
0-1: Ball
1-1: Foul Ball, location: 2F
1-2: Ball
2-2: Foul Ball, location: 2F
2-2: Strikes out swinging, 2-3 out at first.
Top of the 7th over - 0 run(s), 0 hit(s), 0 error(s), 0 left on base; New Amsterdam 0 - Buckhead 3
BOTTOM OF THE 7TH
Buckhead Bowties batting - Pitching for New Amsterdam Dutchmen : LHP Walt Coffman
Batting: LHB Manuel Carmona 0-0: Fly out, F7 (Flyball, 78S)
Batting: LHB Gregg Young 0-0: Foul Ball, location: 2F
0-1: Foul Ball, location: 2F
0-2: Foul Ball, location: 2F
0-2: Strikes out swinging
Batting: LHB Armando Esparza 0-0: Ball
1-0: Ball
2-0: Ball
3-0: Base on Balls
Pitching: RHP Nick Richie
Batting: LHB Mysterious Walker 0-0: Called Strike
0-1: Ball
1-1: Fielders Choice at 2nd, 6-4 (Groundball, 6)
Bottom of the 7th over - 0 run(s), 0 hit(s), 0 error(s), 0 left on base; New Amsterdam 0 - Buckhead 3
TOP OF THE 8TH
New Amsterdam Dutchmen batting - Pitching for Buckhead Bowties : RHP Germán Rodríguez
Batting: RHB Alfredo Suárez 0-0: Bunt missed!
0-1: Ground out 4-3 (Groundball, 4M)
Batting: RHB Arturo Morales 0-0: Swinging Strike
0-1: Ground out 6-3 (Groundball, 6)
Batting: LHB Cornelius Taitt 0-0: Ground out U3 (Groundball, 3L)
Top of the 8th over - 0 run(s), 0 hit(s), 0 error(s), 0 left on base; New Amsterdam 0 - Buckhead 3
BOTTOM OF THE 8TH
Buckhead Bowties batting - Pitching for New Amsterdam Dutchmen : RHP Nick Richie
Batting: RHB Ricardo Cardenas 0-0: Ball
1-0: Foul Ball, location: 2F
1-1: Ball
2-1: Ball
3-1: Base on Balls
Batting: RHB Albert Morales 0-0: Ball
1-0: Bunt missed!
1-1: Ball
2-1: Bunted foul
2-2: SINGLE (Line Drive, 78S)
Ricardo Cardenas to second
Batting: RHB Raúl Ruíz 0-0: Ball
1-0: Bunted foul
1-1: Sac Bunt - play at first, batter OUT! 3-4
Ricardo Cardenas to third
Albert Morales to second
Batting: RHB Won-min Yi 0-0: Ground out 5-3 (Groundball, 56S)
Batting: RHB Mike Burns 0-0: Ground out 6-3 (Groundball, 6)
Bottom of the 8th over - 0 run(s), 1 hit(s), 0 error(s), 2 left on base; New Amsterdam 0 - Buckhead 3
TOP OF THE 9TH
New Amsterdam Dutchmen batting - Pitching for Buckhead Bowties : RHP Germán Rodríguez
Batting: RHB Mario Rivera 0-0: TRIPLE (Flyball, 8LXD)
Batting: RHB Enrique Morales 0-0: Called Strike
0-1: Ground out 6-3 (Groundball, 6)
Mario Rivera scores
Pitching: RHP Joshua Long
Batting: RHB Menno van de Vlugt 0-0: Ball
1-0: Foul Ball, location: 2F
1-1: Ball
2-1: Ball
3-1: Foul Ball, location: 2F
3-2: SINGLE (Line Drive, 4M)
Batting: LHB Félix López 0-0: Called Strike
0-1: Foul Ball, location: 2F
0-2: Ball
1-2: Ball
2-2: Ball
3-2: Foul Ball, location: 2F
3-2: Base on Balls
Menno van de Vlugt to second
Pinch Runner at 2nd Andrés Gonzáles:
Batting: RHB Hank Wilder 0-0: Called Strike
0-1: Ball
1-1: SINGLE (Line Drive, 5)
Andrés Gonzáles to third
Félix López to second
Batting: LHB Eric Ward 0-0: Ball
1-0: Ball
2-0: Foul Ball, location: 2F
2-1: Foul Ball, location: 2F
2-2: Foul Ball, location: 2F
2-2: Foul Ball, location: 2F
2-2: Grounds into double play, 4-6-3 (Groundball, 4)
Top of the 9th over - 1 run(s), 3 hit(s), 0 error(s), 2 left on base; New Amsterdam 1 - Buckhead 3
Saturday, May 26th, 2018 - OOTP Baseball 17.12 Build 75